 Dungeon Crawl Stone Soup version 0.29.1-15-g9cfb28693d (webtiles) character file.

Game seed: 18072083001714475361

140 boopmooplesden the Poker (level 5, -5/47 HPs)
             Began as a Minotaur Berserker on Mar 13, 2023.
             Was a Believer of Trog.
             Killed by divine providence
             ... invoked by an orc priest
              (15 damage)
             ... on level 5 of the Dungeon.
             The game lasted 00:02:49 (2468 turns).

boopmooplesden the Poker (Minotaur Berserker)       Turns: 2468, Time: 00:02:50

Health: -5/47      AC: 10    Str: 24    XL:     5   Next: 2%
Magic:  4/4        EV:  8    Int:  4    God:    Trog [**....]
Gold:   109        SH:  0    Dex:  9    Spells: 4/4 levels left

rFire   . . .      SeeInvis .   a - +1 spear
rCold   . . .      Faith    .   (no shield)
rNeg    . . .      Spirit   .   i - +1 chain mail
rPois   .          Reflect  .   (helmet restricted)
rElec   .          Harm     .   (no cloak)
rCorr   .          Rampage  .   (no gloves)
Will    .....                   (no boots)
Stlth   ..........              (no amulet)
HPRegen 0.15/turn               (no ring)
MPRegen 0.09/turn               (no ring)

@: on berserk cooldown, hasted and slowed
A: horns 2, retaliatory headbutt
a: Renounce Religion, Berserk, Trog's Hand


You were on level 5 of the Dungeon.
You worshipped Trog.
Trog was pleased with you.
You visited 1 branch of the dungeon, and saw 4 of its levels.

You collected 109 gold pieces.

Inventory:

Hand Weapons
 a - a +1 spear (weapon)
Armour
 b - a +0 animal skin
 i - a +1 chain mail (worn)
Jewellery
 k - a ring of willpower
Wands
 e - a wand of polymorph (8)
Scrolls
 h - 9 scrolls of identify
 l - a scroll of silence {unknown}
 m - a scroll of teleportation
Potions
 c - a potion of magic {unknown}
 d - a potion of heal wounds {unknown}
 f - 2 potions of haste
 g - a potion of lignification {unknown}
 j - a potion of brilliance
 n - 2 potions of invisibility {unknown}


   Skills:
 + Level 4.6 Fighting
 + Level 5.5 Polearms
 + Level 3.3 Armour
 + Level 2.7 Dodging


You had 4 spell levels left.
You didn't know any spells.
Your spell library was empty.

Dungeon Overview and Level Annotations

Branches:
Dungeon (3/15)

Altars:
Ashenzari
Ru
Xom


Innate Abilities, Weirdness & Mutations

You have a pair of horns on your head.
You reflexively headbutt those who attack you in melee.


Message History

You're too confused to move!
You puncture the orc!
You kill the orc!
Trog accepts your kill. The orc wizard barely misses you.
You puncture the orc wizard!
The orc wizard is heavily wounded.
You closely miss the orc wizard.
The orc wizard is heavily wounded.
The orc hits you but does no damage.
The orc wizard hits you but does no damage.
You bump into the rock wall.
You feel a strong urge to attack something.
You feel your anger nearly subside.
You are no longer berserk.
You are exhausted.
You feel yourself slow down.
You feel less confused. The orc hits you with a +0 whip.
The orc wizard points at you and mumbles some strange words.
The puff of flame hits you. The orc hits you but does no damage.
You hit the orc wizard.
You kill the orc wizard!
Trog accepts your kill.
Trog appreciates your killing of a magic user.
The orc hits you but does no damage.
You have reached level 5!
The orc priest calls down the wrath of Beogh upon you.
Pain shoots through your body! The orc hits you with a +0 whip.
* * * LOW HITPOINT WARNING * * *
The orc priest invokes the aid of Beogh against you.
Pain shoots through your body!
* * * LOW HITPOINT WARNING * * *
The orc hits you but does no damage.
Things that are here:
a +0 dagger; a +0 robe; an orc corpse It was a potion of haste.
You feel yourself speed up. The orc hits you but does no damage.
The orc priest calls down the wrath of Beogh upon you.
Beogh smites you!
You die...

########### #########
..........# #.......###
..........# #.......#..
..........# #.......#..
..........# #.......#..
..........# #.......#..
......)...####.......###
########o###....##.......
#......o@#.......#.......
#........#.......+.......
#........'.......#.......
#........#.......#...†...
##.^##.####.###.##.......
#.. #.# #.# #+#......##
#.. ... ..# #......'. #..
........+ #......#. ##
###### ### #......##


You could see an orc priest and an orc.

Vanquished Creatures
  Natasha (twice) (D:2)
  An orc wizard (D:5)
  An adder (D:2)
  A worm (D:5)
  2 dart slugs (D:3)
  2 orcs (D:5)
  3 bats
  5 endoplasms
  A giant cockroach (D:1)
  3 goblins
  3 hobgoblins
  7 quokkas
  3 ball pythons (D:1)
  6 frilled lizards
  5 kobolds
  5 rats
50 creatures vanquished.

Notes
Turn   | Place    | Note
-------+----------+-------------------------------------------
     0 | D:1      | boopmooplesden the Minotaur Berserker began the quest for
                  | the Orb.
     0 | D:1      | Reached XP level 1. HP: 19/19 MP: 0/0
   227 | D:1      | Reached XP level 2. HP: 14/27 MP: 1/1
   228 | D:1      | Reached skill level 4 in Polearms
   484 | D:1      | Found a faded altar of an unknown god.
   876 | D:1      | Reached ** piety under Trog
  1301 | D:2      | Reached XP level 3. HP: 30/33 MP: 2/2
  1597 | D:2      | Noticed Natasha
  1604 | D:2      | Killed Natasha
  1778 | D:2      | Reached XP level 4. HP: 41/41 MP: 3/3
  1805 | D:2      | Noticed Natasha
  1811 | D:2      | Killed Natasha
  2153 | D:3      | Reached skill level 5 in Polearms
  2180 | D:3      | Found a broken altar of Ashenzari.
  2288 | D:3      | Found a sacrificial altar of Ru.
  2317 | D:3      | Found a shimmering altar of Xom.
  2400 | D:3      | You fall into a shaft and drop 2 floors!
  2400 | D:5      | Entered Level 5 of the Dungeon
  2467 | D:5      | Reached XP level 5. HP: 26/47 MP: 4/4
  2468 | D:5      | Killed from afar by an orc priest

Illustrated notes

Levels and vault maps discovered:
D:1:      spicycebolla_arrival_xxxplode, layout_basic,
          ebering_ecumenical_altar_webs, minivault_14
D:2:      layout_loops_ring, st_stairs_6, hangedman_abyss_or_decor_lesser_grid,
          uniq_natasha
D:3:      layout_basic, nicolae_uskayaw_suspiria, mainiacjoe_overflow_big_doors,
          evilmike_ruin_ashenzari, hangedman_decor_points
D:5:      layout_gridville, mainiacjoe_overflow_brackets, serial_shops,
          nicolae_shop_hallway_plus

Skill      XL: |  1  2  3  4 |
---------------+-------------+-----
Polearms       | 4 5 |  5.5
Fighting       | 4 |  4.6
Armour         | 3 |  3.3
Dodging        | |  2.7

Action                   |  1- 3 |  4- 6 || total
-------------------------+-------+-------++-------
Melee: Spear             |    79 |    41 ||   120
       Headbutt          |    10 |     8 ||    18
       Punch             |     1 |       ||     1
Invok: Berserk           |       |     1 ||     1
  Use: Scroll            |     7 |     2 ||     9
       Potion            |       |     1 ||     1
Armor: Animal skin       |     4 |       ||     4
       Chain mail        |    26 |    16 ||    42
Dodge: Dodged            |    25 |    12 ||    37
